TOP OF THE 1ST |
Minnesota Twins batting - Pitching for Cleveland Indians : RHP Devon Blakeney
|
Pitching: RHP Devon Blakeney
|
|
Batting: RHB Yonetoshi Muranaka
|
0-0: Ball 1-0: SINGLE (Groundball, 6D, EV 95.0 MPH)
|
Batting: LHB Joel Kunkler
|
0-0: Ball Yonetoshi Muranaka steals 2nd base 1-0: Fly out, F7 (Line Drive, 78S, EV 97.5 MPH)
|
Batting: RHB Jared McClernon
|
0-0: Fly out, F8 (Flyball, 8RD, EV 101.9 MPH)
|
Batting: RHB Jesus Chavez
|
0-0: Swinging Strike 0-1: Called Strike 0-2: Ball 1-2: Strikes out swinging
|
Top of the 1st over - 0 runs, 1 hit, 0 errors, 1 left on base; Minnesota 0 - Cleveland 0 |
BOTTOM OF THE 1ST |
Cleveland Indians batting - Pitching for Minnesota Twins : RHP T.J. Hirst
|
Pitching: RHP T.J. Hirst
|
|
Batting: RHB Drtian Thaqi
|
0-0: Called Strike 0-1: Ball 1-1: Fly out, F8 (Line Drive, 8LM, EV 98.8 MPH)
|
Batting: LHB Kyle Schaible
|
0-0: Called Strike 0-1: Called Strike 0-2: Foul Ball, location: 2F 0-2: Ball 1-2: Ball 2-2: Foul Ball, location: 2F 2-2: Foul Ball, location: 2F 2-2: Ground out 6-3 (Groundball, 4M, EV 90.6 MPH)
|
Batting: SHB Moe Lester
|
0-0: Ball 1-0: Ball 2-0: Called Strike 2-1: Ball 3-1: Base on Balls
|
Batting: SHB Merrick Geter
|
0-0: DOUBLE (Line Drive, 7LS, EV 106.2 MPH) Moe Lester to third Runner from 3rd tries for Home, SAFE, throw by LF to trailing runner, SAFE at third!
|
Batting: LHB Arvin Dungca
|
0-0: Called Strike 0-1: Foul Ball, location: 2F 0-2: Strikes out swinging
|
Bottom of the 1st over - 1 run, 1 hit, 0 errors, 1 left on base; Minnesota 0 - Cleveland 1 |
TOP OF THE 2ND |
Minnesota Twins batting - Pitching for Cleveland Indians : RHP Devon Blakeney
|
Batting: LHB Kevin Bellman
|
0-0: Foul Ball, location: 2F 0-1: Swinging Strike 0-2: Ball 1-2: Ball 2-2: Ball 3-2: Foul Ball, location: 2F 3-2: Fly out, F4 (Popup, 34S, EV 80.6 MPH)
|
Batting: SHB Buster Hyman
|
0-0: Ball 1-0: Called Strike 1-1: Called Strike 1-2: Ball 2-2: Foul Ball, location: 2F 2-2: Ball 3-2: Ground out 6-3 (Groundball, 6, EV 83.8 MPH)
|
Batting: LHB Sadamu Noguchi
|
0-0: Hit by Pitch
|
Batting: RHB Väinö Tapaninen
|
0-0: Ball 1-0: Called Strike 1-1: Ball Sadamu Noguchi is caught stealing 2nd base 2-4
|
Top of the 2nd over - 0 runs, 0 hits, 0 errors, 0 left on base; Minnesota 0 - Cleveland 1 |
BOTTOM OF THE 2ND |
Cleveland Indians batting - Pitching for Minnesota Twins : RHP T.J. Hirst
|
Pitching: RHP Steffen Joseph
|
|
Batting: LHB Fernando Campos
|
0-0: Ball 1-0: Foul Ball, location: 2F 1-1: Ball 2-1: DOUBLE (Line Drive, 78D, EV 106.9 MPH)
|
Batting: RHB Paul Word
|
0-0: Ground out 5-3 (Groundball, 56, EV 83.1 MPH)
|
Batting: RHB Jesus Galvan
|
0-0: Ball 1-0: DOUBLE (Line Drive, 89D, EV 106.9 MPH) Fernando Campos scores
|
Batting: RHB Justin Ganey
|
0-0: Called Strike 0-1: Ground out 4-3 (Groundball, 4, EV 94.4 MPH) Jesus Galvan to third
|
Batting: RHB Drtian Thaqi
|
0-0: Ball 1-0: Ball 2-0: 2-RUN HOME RUN (Flyball, 9D, EV 100.6 MPH), Distance : 381 ft
|
Batting: LHB Kyle Schaible
|
0-0: Ball 1-0: Called Strike 1-1: Called Strike 1-2: Foul Ball, location: 2F 1-2: Ball 2-2: Foul Ball, location: 2F 2-2: Ground out 2-3 (Groundball, 2L, EV 70.6 MPH)
|
Bottom of the 2nd over - 3 runs, 3 hits, 0 errors, 0 left on base; Minnesota 0 - Cleveland 4 |
TOP OF THE 3RD |
Minnesota Twins batting - Pitching for Cleveland Indians : RHP Devon Blakeney
|
Batting: RHB Väinö Tapaninen
|
0-0: Ball 1-0: Called Strike 1-1: Called Strike 1-2: Strikes out swinging
|
Batting: RHB Josh Zoglmann
|
0-0: Ball 1-0: Ball 2-0: Fly out, F7 (Line Drive, 7, EV 91.2 MPH)
|
Batting: RHB Yonetoshi Muranaka
|
0-0: Swinging Strike 0-1: Ball 1-1: Foul Ball, location: 2F 1-2: Ball 2-2: Strikes out swinging
|
Top of the 3rd over - 0 runs, 0 hits, 0 errors, 0 left on base; Minnesota 0 - Cleveland 4 |
BOTTOM OF THE 3RD |
Cleveland Indians batting - Pitching for Minnesota Twins : RHP Steffen Joseph
|
Batting: SHB Moe Lester
|
0-0: Called Strike 0-1: Foul Ball, location: 2F 0-2: Ball 1-2: Ball 2-2: Foul Ball, location: 2F 2-2: Strikes out looking
|
Batting: SHB Merrick Geter
|
0-0: Ball 1-0: Swinging Strike 1-1: Ball 2-1: Ball 3-1: Foul Ball, location: 2F 3-2: Fly out, F4 (Flyball, 4MD, EV 80.0 MPH)
|
Batting: LHB Arvin Dungca
|
0-0: Ball 1-0: Ball 2-0: Ball 3-0: Called Strike 3-1: Foul Ball, location: 2F 3-2: Strikes out swinging
|
Bottom of the 3rd over - 0 runs, 0 hits, 0 errors, 0 left on base; Minnesota 0 - Cleveland 4 |
TOP OF THE 4TH |
Minnesota Twins batting - Pitching for Cleveland Indians : RHP Devon Blakeney
|
Batting: LHB Joel Kunkler
|
0-0: Ball 1-0: Ball 2-0: Swinging Strike 2-1: Called Strike 2-2: Ground out 6-3 (Groundball, 4MD, EV 77.5 MPH)
|
Batting: RHB Jared McClernon
|
0-0: Swinging Strike 0-1: Foul Ball, location: 2F 0-2: Foul Ball, location: 2F 0-2: Fly out, F8 (Flyball, 78D, EV 90.0 MPH)
|
Batting: RHB Jesus Chavez
|
0-0: Ball 1-0: Ball 2-0: Ball 3-0: Base on Balls
|
Batting: LHB Kevin Bellman
|
0-0: Ball 1-0: Ball 2-0: Ball Wild Pitch! Jesus Chavez to second 3-0: Called Strike 3-1: Fly out, F7 (Flyball, 7D, EV 96.2 MPH)
|
Top of the 4th over - 0 runs, 0 hits, 0 errors, 1 left on base; Minnesota 0 - Cleveland 4 |
BOTTOM OF THE 4TH |
Cleveland Indians batting - Pitching for Minnesota Twins : RHP Steffen Joseph
|
Batting: LHB Fernando Campos
|
0-0: Called Strike 0-1: Ground out 4-3 (Groundball, 4, EV 88.8 MPH)
|
Batting: RHB Paul Word
|
0-0: Ball 1-0: Ball 2-0: Ball 3-0: Called Strike 3-1: Foul Ball, location: 2F 3-2: SOLO HOME RUN (Line Drive, 7LD, EV 98.1 MPH), Distance : 371 ft
|
Batting: RHB Jesus Galvan
|
0-0: Ball 1-0: Foul Ball, location: 2F 1-1: Fly out, F7 (Flyball, 7S, EV 71.9 MPH)
|
Batting: RHB Justin Ganey
|
0-0: Called Strike 0-1: Fly out, F5 (Popup, 5F, EV 63.1 MPH)
|
Bottom of the 4th over - 1 run, 1 hit, 0 errors, 0 left on base; Minnesota 0 - Cleveland 5 |
TOP OF THE 5TH |
Minnesota Twins batting - Pitching for Cleveland Indians : RHP Devon Blakeney
|
Batting: SHB Buster Hyman
|
0-0: Called Strike 0-1: Ball 1-1: Swinging Strike 1-2: Ball 2-2: Strikes out swinging
|
Batting: LHB Sadamu Noguchi
|
0-0: Foul Ball, location: 2F 0-1: Ball 1-1: Ball 2-1: SINGLE (Groundball, 6M, EV 107.5 MPH) (infield hit)
|
Batting: RHB Väinö Tapaninen
|
0-0: Ball Sadamu Noguchi steals 2nd base 1-0: SINGLE (Flyball, 6D, EV 90.6 MPH) Sadamu Noguchi to third
|
Batting: RHB Josh Zoglmann
|
0-0: Called Strike 0-1: Ball 1-1: SINGLE (Flyball, 34D, EV 98.1 MPH) Sadamu Noguchi scores Väinö Tapaninen to second
|
Batting: RHB Yonetoshi Muranaka
|
0-0: Ball 1-0: Ball 2-0: SINGLE (Line Drive, 56, EV 95.6 MPH) Väinö Tapaninen to third Josh Zoglmann to second
|
Batting: LHB Joel Kunkler
|
0-0: Foul Ball, location: 2F 0-1: Fly out, F7 (Flyball, 7LM, EV 88.1 MPH)
|
Batting: RHB Jared McClernon
|
0-0: Called Strike 0-1: Ball 1-1: Ball 2-1: DOUBLE (Line Drive, 7LM, EV 111.9 MPH) Väinö Tapaninen scores Josh Zoglmann scores Yonetoshi Muranaka to third Runner from 3rd tries for Home, SAFE, throw by LF to trailing runner, SAFE at third!
|
Batting: RHB Jesus Chavez
|
0-0: Called Strike 0-1: Called Strike 0-2: Ground out 4-3 (Groundball, 34D, EV 92.5 MPH)
|
Top of the 5th over - 4 runs, 5 hits, 0 errors, 1 left on base; Minnesota 4 - Cleveland 5 |
BOTTOM OF THE 5TH |
Cleveland Indians batting - Pitching for Minnesota Twins : RHP Steffen Joseph
|
Batting: RHB Drtian Thaqi
|
0-0: Ball 1-0: Ground out 2-3 (Groundball, 2R, EV 63.8 MPH)
|
Batting: LHB Kyle Schaible
|
0-0: Ball 1-0: Ball 2-0: Ground out U3 (Groundball, 3, EV 91.9 MPH)
|
Batting: SHB Moe Lester
|
0-0: Ball 1-0: Foul Ball, location: 2F 1-1: Foul Ball, location: 2F 1-2: Foul Ball, location: 2F 1-2: Ground out U3 (Groundball, 3, EV 91.9 MPH)
|
Bottom of the 5th over - 0 runs, 0 hits, 0 errors, 0 left on base; Minnesota 4 - Cleveland 5 |
TOP OF THE 6TH |
Minnesota Twins batting - Pitching for Cleveland Indians : RHP Devon Blakeney
|
Batting: LHB Kevin Bellman
|
0-0: SINGLE (Groundball, 4M, EV 98.1 MPH) (infield hit)
|
Batting: SHB Buster Hyman
|
0-0: Swinging Strike 0-1: Ball 1-1: Called Strike 1-2: Strikes out swinging
|
Batting: LHB Sadamu Noguchi
|
0-0: Ball 1-0: Called Strike 1-1: Swinging Strike 1-2: Ball 2-2: Strikes out swinging
|
Batting: RHB Väinö Tapaninen
|
0-0: Called Strike Kevin Bellman steals 2nd base 0-1: Called Strike 0-2: Ball 1-2: Ball 2-2: Strikes out swinging
|
Top of the 6th over - 0 runs, 1 hit, 0 errors, 1 left on base; Minnesota 4 - Cleveland 5 |
BOTTOM OF THE 6TH |
Cleveland Indians batting - Pitching for Minnesota Twins : RHP Steffen Joseph
|
Batting: SHB Merrick Geter
|
0-0: SOLO HOME RUN (Line Drive, 7D, EV 106.9 MPH), Distance : 402 ft
|
Batting: LHB Arvin Dungca
|
0-0: Ground out 5-3 (Groundball, 5, EV 86.9 MPH)
|
Batting: LHB Fernando Campos
|
0-0: Ball 1-0: Foul Ball, location: 2F 1-1: Called Strike 1-2: Foul Ball, location: 2F 1-2: Strikes out looking
|
Batting: RHB Paul Word
|
0-0: Foul Ball, location: 2F 0-1: Ball 1-1: Ball 2-1: SOLO HOME RUN (Flyball, 78XD, EV 108.1 MPH), Distance : 446 ft
|
Pitching: RHP Travis Feind
|
|
Batting: RHB Jesus Galvan
|
0-0: Ball 1-0: Foul Ball, location: 2F 1-1: Called Strike 1-2: SINGLE (Line Drive, 34D, EV 98.1 MPH)
|
Batting: RHB Justin Ganey
|
0-0: Ball 1-0: Ball 2-0: Swinging Strike 2-1: SINGLE (Line Drive, 8LS, EV 108.1 MPH) Jesus Galvan to second
|
Batting: RHB Drtian Thaqi
|
0-0: Ball 1-0: Ball 2-0: Fly out, F4 (Flyball, 34D, EV 90.6 MPH)
|
Bottom of the 6th over - 2 runs, 4 hits, 0 errors, 2 left on base; Minnesota 4 - Cleveland 7 |
TOP OF THE 7TH |
Minnesota Twins batting - Pitching for Cleveland Indians : RHP Devon Blakeney
|
Batting: RHB Josh Zoglmann
|
0-0: Fly out, F7 (Flyball, 7, EV 91.2 MPH)
|
Batting: RHB Yonetoshi Muranaka
|
0-0: Ball 1-0: Ground out 6-3 (Groundball, 6, EV 83.8 MPH)
|
Batting: LHB Joel Kunkler
|
0-0: Swinging Strike 0-1: Ball 1-1: Foul Ball, location: 2F 1-2: Strikes out swinging
|
Top of the 7th over - 0 runs, 0 hits, 0 errors, 0 left on base; Minnesota 4 - Cleveland 7 |
BOTTOM OF THE 7TH |
Cleveland Indians batting - Pitching for Minnesota Twins : RHP Travis Feind
|
Pitching: RHP Mario Arce
|
|
Batting: LHB Kyle Schaible
|
0-0: Ball 1-0: Foul Ball, location: 2F 1-1: Foul Ball, location: 2F 1-2: Ball 2-2: Strikes out swinging
|
Batting: SHB Moe Lester
|
0-0: Ground out 4-3 (Groundball, 4, EV 93.8 MPH)
|
Batting: SHB Merrick Geter
|
0-0: Called Strike 0-1: Foul Ball, location: 2F 0-2: Ball 1-2: Strikes out swinging
|
Bottom of the 7th over - 0 runs, 0 hits, 0 errors, 0 left on base; Minnesota 4 - Cleveland 7 |
TOP OF THE 8TH |
Minnesota Twins batting - Pitching for Cleveland Indians : RHP Devon Blakeney
|
Pitching: RHP Jay Woodall
|
|
Batting: RHB Jared McClernon
|
0-0: Foul Ball, location: 2F 0-1: Ball 1-1: Swinging Strike 1-2: Foul Ball, location: 2F 1-2: Reached on error, E6 (Flyball, 56D, EV 81.9 MPH)
|
Batting: RHB Jesus Chavez
|
0-0: Ball 1-0: Ball 2-0: Called Strike 2-1: Ball 3-1: Foul Ball, location: 2F 3-2: Ground out U3 (Groundball, 3, EV 95.0 MPH) Jared McClernon to second
|
Batting: LHB Kevin Bellman
|
0-0: Foul Ball, location: 2F 0-1: Swinging Strike 0-2: Ground out U3 (Groundball, 3L, EV 85.6 MPH) Jared McClernon to third
|
Batting: SHB Buster Hyman
|
0-0: Ball 1-0: Foul Ball, location: 2F 1-1: Ball 2-1: Ball 3-1: Called Strike 3-2: Base on Balls
|
Batting: LHB Sadamu Noguchi
|
0-0: Ball 1-0: Foul Ball, location: 2F 1-1: Ball 2-1: Ball 3-1: Base on Balls Buster Hyman to second
|
Batting: RHB Väinö Tapaninen
|
0-0: Called Strike 0-1: Ball 1-1: Swinging Strike 1-2: Foul Ball, location: 2F 1-2: Strikes out swinging
|
Top of the 8th over - 0 runs, 0 hits, 1 error, 3 left on base; Minnesota 4 - Cleveland 7 |
BOTTOM OF THE 8TH |
Cleveland Indians batting - Pitching for Minnesota Twins : RHP Mario Arce
|
Batting: LHB Arvin Dungca
|
0-0: Swinging Strike 0-1: Ball 1-1: Foul Ball, location: 2F 1-2: Ball 2-2: Reached on error, E6 (Groundball, 4MD, EV 102.5 MPH)
|
Batting: LHB Fernando Campos
|
0-0: Ball 1-0: Ball 2-0: Foul Ball, location: 2F 2-1: Ball 3-1: Swinging Strike 3-2: Foul Ball, location: 2F 3-2: Fielders Choice at 2nd, 5-4 (Groundball, 6S, EV 85.0 MPH)
|
Batting: RHB Paul Word
|
0-0: Ball Fernando Campos is caught stealing 2nd base 2-4 1-0: Called Strike 1-1: Ground out 6-3 (Groundball, 6, EV 105.0 MPH)
|
Bottom of the 8th over - 0 runs, 0 hits, 1 error, 0 left on base; Minnesota 4 - Cleveland 7 |
TOP OF THE 9TH |
Minnesota Twins batting - Pitching for Cleveland Indians : RHP Jay Woodall
|
Pitching: RHP Hector Guerrero
|
|
Batting: RHB Josh Zoglmann
|
0-0: Ball 1-0: Foul Ball, location: 2F 1-1: SINGLE (Groundball, 4MD, EV 98.8 MPH)
|
Batting: RHB Yonetoshi Muranaka
|
0-0: Ball 1-0: Ball 2-0: Swinging Strike 2-1: Called Strike 2-2: Strikes out swinging
|
Batting: LHB Joel Kunkler
|
0-0: Swinging Strike 0-1: Ball 1-1: Ball 2-1: Ball 3-1: Base on Balls Josh Zoglmann to second
|
Batting: RHB Jared McClernon
|
0-0: Ball 1-0: Ball 2-0: Grounds into double play, 4-6-3 (Groundball, 4S, EV 81.2 MPH)
|
Top of the 9th over - 0 runs, 1 hit, 0 errors, 1 left on base; Minnesota 4 - Cleveland 7 |
|